[Event "ICC tourney 2049 (75 10)"]
[Site "Internet Chess Club"]
[Date "2020.10.11"]
[Round "7"]
[White "tigertiger2019"]
[Black "winner08"]
[Result "0-1"]
[ICCResult "White checkmated"]
[WhiteElo "1650"]
[BlackElo "1813"]
[Opening "Réti opening"]
[ECO "A09"]
[NIC "QP.09"]
[Time "18:35:20"]
[TimeControl "4500+10"]

1. Nf3 d5 2. c4 Nf6 3. cxd5 Nxd5 4. d4 g6 5. e4 Nb6 6. Nc3 Bg7 7. Be3 O-O 8.
Qc2 N8d7 9. Be2 e6 10. e5 Qe7 11. Nb5 c6 12. Nd6 Nd5 13. Ne4 f6 14. Ned2
fxe5 15. dxe5 Nxe3 16. fxe3 Nxe5 17. O-O Bd7 18. Nxe5 Bxe5 19. Nc4 Bc7 20.
Rad1 Rxf1+ 21. Bxf1 Rf8 22. Nd2 Qh4 23. Nf3 Qe7 24. Bc4 Rd8 25. Qb3 Bc8 26.
Rxd8+ Bxd8 27. Nd4 Kf7 28. e4 Qc5 29. Bxe6+ Bxe6 30. Qxe6+ Kf8 31. Qd7 Bb6
32. Qc8+ Kg7 33. Qd7+ Kh6 34. Qh3+ Qh5 35. Qe3+ Kg7 36. g3 Qd1+ 37. Kg2 Qxd4
38. Qe2 a5 39. b3 Bc5 40. e5 b5 41. e6 Qd6 42. Qb2+ Bd4 43. Qe2 Qe7 44. Qe4
Bf6 45. Qxc6 Qb4 46. Qd7+ Be7 47. a3 Qxa3 48. Qxb5 Qb2+ 49. Kh3 Qd2 50. Qe5+
Kh6 51. Qc7 Qb4 52. Qc1+ Bg5 53. Qc7 Qxb3 54. Qd7 Qc4 55. Qf7 Qb4 56. Qf1 a4
57. Qa1 a3 58. Qa2 Qb2 59. Qc4 a2 60. Qc5 a1=Q 61. Qf8+ Qg7 62. e7 Bxe7 63.
Qf4+ g5 64. Qe4 g4+ 65. Kg2 Qgb2+ 66. Qc2 Qxc2# {White checkmated} 0-1